| TOP OF THE 1ST |
|
El Paso Chihuahuas batting - Pitching for Lehigh Valley IronPigs : RHP Lida Sestak
|
|
Pitching: RHP Lida Sestak
|
|
|
Now at 2B: Francisco Viera
|
|
|
Batting: RHB Dave McBain
|
0-0: Ball 1-0: Bunt missed! 1-1: SINGLE (Line Drive, 3D, EV 100.0 MPH)
|
|
Batting: LHB Angel Mejia
|
0-0: Called Strike Dave McBain steals 2nd base 0-1: Ball 1-1: Swinging Strike 1-2: Strikes out looking
|
|
Batting: RHB Mike Hayward
|
0-0: SINGLE (Groundball, 34S, EV 68.1 MPH) (infield hit) Dave McBain to third
|
|
Batting: RHB Jeff Brower
|
0-0: Ball Wild Pitch! Dave McBain scores Mike Hayward to second 1-0: Ground out U3 (Groundball, 3L, EV 83.1 MPH) Mike Hayward to third
|
|
Batting: LHB Hugo MacBeth
|
0-0: Called Strike 0-1: Called Strike 0-2: Strikes out swinging
|
| Top of the 1st over - 1 run, 2 hits, 0 errors, 1 left on base; El Paso 1 - Lehigh Valley 0 |
| BOTTOM OF THE 1ST |
|
Lehigh Valley IronPigs batting - Pitching for El Paso Chihuahuas : LHP Kyle Foster
|
|
Pitching: LHP Kyle Foster
|
|
|
Batting: RHB Mark Schultz
|
0-0: Ball 1-0: Fly out, F4 (Popup, 4, EV 75.0 MPH)
|
|
Batting: LHB Theodore Conboy
|
0-0: Swinging Strike 0-1: Ball 1-1: Foul Ball, location: 2F 1-2: Strikes out looking
|
|
Batting: RHB Melchor Sovrivilla
|
0-0: Ball 1-0: Ball 2-0: Called Strike 2-1: Ball 3-1: SINGLE (Groundball, 6MD, EV 96.9 MPH)
|
|
Batting: RHB Jose Leon
|
0-0: Foul Ball, location: 2F 0-1: Swinging Strike 0-2: Strikes out swinging
|
| Bottom of the 1st over - 0 runs, 1 hit, 0 errors, 1 left on base; El Paso 1 - Lehigh Valley 0 |
| TOP OF THE 2ND |
|
El Paso Chihuahuas batting - Pitching for Lehigh Valley IronPigs : RHP Lida Sestak
|
|
Batting: SHB Adam Martin
|
0-0: Ball 1-0: Ball 2-0: Ball 3-0: Base on Balls
|
|
Batting: RHB Robby Godwin
|
0-0: Grounds into double play, 4-6-3 (Groundball, 34, EV 87.5 MPH)
|
|
Batting: RHB Dave Cluster
|
0-0: Ball 1-0: Ball 2-0: Called Strike 2-1: Ground out 6-3 (Groundball, 56, EV 95.0 MPH)
|
| Top of the 2nd over - 0 runs, 0 hits, 0 errors, 0 left on base; El Paso 1 - Lehigh Valley 0 |
| BOTTOM OF THE 2ND |
|
Lehigh Valley IronPigs batting - Pitching for El Paso Chihuahuas : LHP Kyle Foster
|
|
Batting: LHB Danny Hill
|
0-0: Ball 1-0: Called Strike 1-1: Ground out 3-1 (Groundball, 34, EV 86.2 MPH)
|
|
Batting: LHB Chris Moody
|
0-0: Foul Ball, location: 2F 0-1: Ground out 4-3 (Groundball, 4, EV 90.6 MPH)
|
|
Batting: SHB Josh Schultze
|
0-0: Foul Ball, location: 2F 0-1: Ball 1-1: Ground out 4-3 (Groundball, 4S, EV 93.1 MPH)
|
| Bottom of the 2nd over - 0 runs, 0 hits, 0 errors, 0 left on base; El Paso 1 - Lehigh Valley 0 |
| TOP OF THE 3RD |
|
El Paso Chihuahuas batting - Pitching for Lehigh Valley IronPigs : RHP Lida Sestak
|
|
Batting: SHB Harrison McLaughlin
|
0-0: Ball 1-0: Ball 2-0: Ball 3-0: Base on Balls
|
|
Batting: RHB Dave McBain
|
0-0: Ball 1-0: Called Strike 1-1: Grounds into double play, 6-4-3 (Groundball, 6M, EV 88.8 MPH)
|
|
Batting: LHB Angel Mejia
|
0-0: Called Strike 0-1: Ball 1-1: Foul Ball, location: 2F 1-2: Foul Ball, location: 2F 1-2: Ground out U3 (Groundball, 34, EV 81.2 MPH)
|
| Top of the 3rd over - 0 runs, 0 hits, 0 errors, 0 left on base; El Paso 1 - Lehigh Valley 0 |
| BOTTOM OF THE 3RD |
|
Lehigh Valley IronPigs batting - Pitching for El Paso Chihuahuas : LHP Kyle Foster
|
|
Batting: LHB Pat Shaddock
|
0-0: Ball 1-0: Ball 2-0: Ball 3-0: Called Strike 3-1: Ground out 4-3 (Groundball, 34, EV 88.8 MPH)
|
|
Batting: RHB Francisco Viera
|
0-0: Ball 1-0: Called Strike 1-1: Called Strike 1-2: Foul Ball, location: 2F 1-2: Ball 2-2: Strikes out swinging
|
|
Batting: RHB Mark Schultz
|
0-0: Ball 1-0: Foul Ball, location: 2F 1-1: Ball 2-1: Ball 3-1: Base on Balls
|
|
Batting: LHB Theodore Conboy
|
0-0: Called Strike 0-1: Ball 1-1: Ball 2-1: Swinging Strike 2-2: Ball 3-2: Ground out 6-3 (Groundball, 6, EV 105.0 MPH)
|
| Bottom of the 3rd over - 0 runs, 0 hits, 0 errors, 1 left on base; El Paso 1 - Lehigh Valley 0 |
| TOP OF THE 4TH |
|
El Paso Chihuahuas batting - Pitching for Lehigh Valley IronPigs : RHP Lida Sestak
|
|
Batting: RHB Mike Hayward
|
0-0: Foul Ball, location: 2F 0-1: Ball 1-1: Called Strike 1-2: Ball 2-2: Ground out 4-3 (Groundball, 4M, EV 84.4 MPH)
|
|
Batting: RHB Jeff Brower
|
0-0: Swinging Strike 0-1: Foul Ball, location: 2F 0-2: Foul Ball, location: 2F 0-2: Strikes out looking
|
|
Batting: LHB Hugo MacBeth
|
0-0: Swinging Strike 0-1: Ball 1-1: Ball 2-1: Ball 3-1: Called Strike 3-2: Foul Ball, location: 2F 3-2: Base on Balls
|
|
Batting: SHB Adam Martin
|
0-0: Ball 1-0: Foul Ball, location: 2F 1-1: Swinging Strike 1-2: Strikes out swinging
|
| Top of the 4th over - 0 runs, 0 hits, 0 errors, 1 left on base; El Paso 1 - Lehigh Valley 0 |
| BOTTOM OF THE 4TH |
|
Lehigh Valley IronPigs batting - Pitching for El Paso Chihuahuas : LHP Kyle Foster
|
|
Batting: RHB Melchor Sovrivilla
|
0-0: Foul Ball, location: 2F 0-1: Ball 1-1: Ball 2-1: Ball 3-1: Ground out 6-3 (Groundball, 6, EV 82.5 MPH)
|
|
Batting: RHB Jose Leon
|
0-0: Ball 1-0: Fly out, F9 (Flyball, 9, EV 83.8 MPH)
|
|
Batting: LHB Danny Hill
|
0-0: Swinging Strike 0-1: Called Strike 0-2: Foul Ball, location: 2F 0-2: Ball 1-2: Fly out, F9 (Flyball, 9S, EV 95.0 MPH)
|
| Bottom of the 4th over - 0 runs, 0 hits, 0 errors, 0 left on base; El Paso 1 - Lehigh Valley 0 |
| TOP OF THE 5TH |
|
El Paso Chihuahuas batting - Pitching for Lehigh Valley IronPigs : RHP Lida Sestak
|
|
Batting: RHB Robby Godwin
|
0-0: Ball 1-0: Foul Ball, location: 2F 1-1: Swinging Strike 1-2: Fly out, F8 (Flyball, 89M, EV 78.8 MPH)
|
|
Batting: RHB Dave Cluster
|
0-0: Ball 1-0: Fly out, F9 (Flyball, 9S, EV 83.1 MPH)
|
|
Batting: SHB Harrison McLaughlin
|
0-0: Foul Ball, location: 2F 0-1: Ball 1-1: Foul Ball, location: 2F 1-2: Strikes out swinging
|
| Top of the 5th over - 0 runs, 0 hits, 0 errors, 0 left on base; El Paso 1 - Lehigh Valley 0 |
| BOTTOM OF THE 5TH |
|
Lehigh Valley IronPigs batting - Pitching for El Paso Chihuahuas : LHP Kyle Foster
|
|
Batting: LHB Chris Moody
|
0-0: Called Strike 0-1: Ball 1-1: Fly out, F7 (Flyball, 78M, EV 88.8 MPH)
|
|
Batting: SHB Josh Schultze
|
0-0: Ground out 3-1 (Groundball, 34, EV 83.8 MPH)
|
|
Batting: LHB Pat Shaddock
|
0-0: Ball 1-0: Ball 2-0: Reached via error on a dropped throw from 1B, E1 (Groundball, 13, EV 87.5 MPH)
|
|
Batting: RHB Francisco Viera
|
0-0: Called Strike 0-1: Foul Ball, location: 2F 0-2: Ball 1-2: Ball 2-2: Strikes out swinging
|
| Bottom of the 5th over - 0 runs, 0 hits, 1 error, 1 left on base; El Paso 1 - Lehigh Valley 0 |
| TOP OF THE 6TH |
|
El Paso Chihuahuas batting - Pitching for Lehigh Valley IronPigs : RHP Lida Sestak
|
|
Batting: RHB Dave McBain
|
0-0: Foul Ball, location: 2F 0-1: Ground out 4-3 (Groundball, 34, EV 90.6 MPH)
|
|
Batting: LHB Angel Mejia
|
0-0: Swinging Strike 0-1: Ball 1-1: Ball 2-1: SINGLE (Flyball, 3D, EV 83.1 MPH)
|
|
Batting: RHB Mike Hayward
|
0-0: Ground out 6-3 (Groundball, 6MS, EV 71.9 MPH) Angel Mejia to second
|
|
Batting: RHB Jeff Brower
|
0-0: Ball 1-0: Ball 2-0: Ball 3-0: Called Strike 3-1: Base on Balls
|
|
Batting: LHB Hugo MacBeth
|
0-0: Ball 1-0: Foul Ball, location: 2F 1-1: Ball 2-1: Ball 3-1: Called Strike 3-2: Foul Ball, location: 2F 3-2: Fly out, F7 (Line Drive, 7S, EV 90.6 MPH)
|
| Top of the 6th over - 0 runs, 1 hit, 0 errors, 2 left on base; El Paso 1 - Lehigh Valley 0 |
| BOTTOM OF THE 6TH |
|
Lehigh Valley IronPigs batting - Pitching for El Paso Chihuahuas : LHP Kyle Foster
|
|
Batting: RHB Mark Schultz
|
0-0: Called Strike 0-1: Foul Ball, location: 2F 0-2: SINGLE (Groundball, 34D, EV 94.4 MPH)
|
|
Batting: LHB Theodore Conboy
|
0-0: Grounds out, U3 (Groundball, 3L, EV 99.4 MPH)
|
|
Batting: RHB Melchor Sovrivilla
|
0-0: Swinging Strike 0-1: Reached via error on a dropped throw from 1B, E1 (Groundball, 34S, EV 85.0 MPH) Mark Schultz to third
|
|
Batting: RHB Jose Leon
|
0-0: Swinging Strike 0-1: Called Strike 0-2: Fielders Choice at 2nd, 3-6 (Groundball, 3, EV 106.9 MPH) Mark Schultz scores
|
|
Batting: LHB Danny Hill
|
0-0: Foul Ball, location: 2F 0-1: 2-RUN HOME RUN (Flyball, 9D, EV 105.6 MPH), Distance : 393 ft
|
|
Batting: LHB Chris Moody
|
0-0: Ball 1-0: Called Strike 1-1: Ground out U3 (Groundball, 3L, EV 88.8 MPH)
|
| Bottom of the 6th over - 3 runs, 2 hits, 1 error, 0 left on base; El Paso 1 - Lehigh Valley 3 |
| TOP OF THE 7TH |
|
El Paso Chihuahuas batting - Pitching for Lehigh Valley IronPigs : RHP Lida Sestak
|
|
Batting: SHB Adam Martin
|
0-0: Foul Ball, location: 2F 0-1: Ground out 5-3 (Groundball, 56, EV 90.6 MPH)
|
|
Batting: RHB Robby Godwin
|
0-0: Ball 1-0: Foul Ball, location: 2F 1-1: Foul Ball, location: 2F 1-2: Ball 2-2: Ball 3-2: Strikes out swinging
|
|
Batting: RHB Dave Cluster
|
0-0: Ball 1-0: Ball 2-0: Fly out, F7 (Flyball, 7D, EV 89.4 MPH)
|
| Top of the 7th over - 0 runs, 0 hits, 0 errors, 0 left on base; El Paso 1 - Lehigh Valley 3 |
| BOTTOM OF THE 7TH |
|
Lehigh Valley IronPigs batting - Pitching for El Paso Chihuahuas : LHP Kyle Foster
|
|
Batting: SHB Josh Schultze
|
0-0: Ball 1-0: Called Strike 1-1: Swinging Strike 1-2: Fly out, F9 (Flyball, 9LS, EV 83.8 MPH)
|
|
Batting: LHB Pat Shaddock
|
0-0: Ground out 4-3 (Groundball, 4, EV 88.1 MPH)
|
|
Batting: RHB Francisco Viera
|
0-0: Ball 1-0: Ball 2-0: Called Strike 2-1: Foul Ball, location: 2F 2-2: Ground out 5-3 (Groundball, 56, EV 92.5 MPH)
|
| Bottom of the 7th over - 0 runs, 0 hits, 0 errors, 0 left on base; El Paso 1 - Lehigh Valley 3 |
| TOP OF THE 8TH |
|
El Paso Chihuahuas batting - Pitching for Lehigh Valley IronPigs : RHP Lida Sestak
|
|
Batting: SHB Harrison McLaughlin
|
0-0: Called Strike 0-1: SINGLE (Line Drive, 34D, EV 95.0 MPH)
|
|
Batting: RHB Dave McBain
|
0-0: Grounds into double play, 5-4-3 (Groundball, 56, EV 85.0 MPH)
|
|
Batting: LHB Angel Mejia
|
0-0: Ball 1-0: Ball 2-0: Swinging Strike 2-1: Ball 3-1: Base on Balls
|
|
Pitching: RHP Victor Hurtado
|
|
|
Batting: RHB Mike Hayward
|
0-0: Foul Ball, location: 2F 0-1: Called Strike 0-2: Ball 1-2: Ball 2-2: Ball 3-2: Fly out, F7 (Flyball, 78S, EV 89.4 MPH)
|
| Top of the 8th over - 0 runs, 1 hit, 0 errors, 1 left on base; El Paso 1 - Lehigh Valley 3 |
| BOTTOM OF THE 8TH |
|
Lehigh Valley IronPigs batting - Pitching for El Paso Chihuahuas : LHP Kyle Foster
|
|
Batting: RHB Mark Schultz
|
0-0: Called Strike 0-1: Ball 1-1: Foul Ball, location: 2F 1-2: DOUBLE (Line Drive, 3D, EV 101.2 MPH)
|
|
Batting: LHB Theodore Conboy
|
0-0: Swinging Strike 0-1: Ball 1-1: Foul Ball, location: 2F 1-2: SINGLE (Line Drive, 8LS, EV 100.0 MPH) Mark Schultz to third
|
|
Pitching: RHP Jose Ramos
|
|
|
Batting: RHB Melchor Sovrivilla
|
0-0: Ball 1-0: Called Strike 1-1: Ball 2-1: DOUBLE (Line Drive, 9LS, EV 112.5 MPH) Mark Schultz scores Theodore Conboy to third Runner from 3rd tries for Home, SAFE, throw by RF to home
|
|
Batting: RHB Jose Leon
|
0-0: Swinging Strike 0-1: Ball 1-1: Ball 2-1: Called Strike 2-2: Fly out, F8 (Flyball, 8LD, EV 87.5 MPH)
|
|
Batting: LHB Danny Hill
|
0-0: Ball 1-0: Ball Melchor Sovrivilla steals 3rd base (no throw) 2-0: Foul Ball, location: 2F 2-1: Foul Ball, location: 2F 2-2: Ball 3-2: Base on Balls
|
|
Batting: LHB Chris Moody
|
0-0: Ball 1-0: Ball 2-0: Called Strike 2-1: Ball 3-1: Fly out, F7 (Flyball, 7, EV 90.6 MPH) Runner from 3rd tags up, SCORES, no throw by LF
|
|
Pitching: RHP Frank Diaz
|
|
|
Batting: SHB Josh Schultze
|
0-0: Called Strike 0-1: Ground out 4-3 (Groundball, 3, EV 105.6 MPH)
|
| Bottom of the 8th over - 3 runs, 3 hits, 0 errors, 1 left on base; El Paso 1 - Lehigh Valley 6 |
| TOP OF THE 9TH |
|
El Paso Chihuahuas batting - Pitching for Lehigh Valley IronPigs : RHP Victor Hurtado
|
|
Batting: RHB Jeff Brower
|
0-0: Foul Ball, location: 2F 0-1: SINGLE (Flyball, 3D, EV 93.8 MPH)
|
|
Batting: LHB Hugo MacBeth
|
0-0: Swinging Strike 0-1: Ball 1-1: Ball 2-1: Foul Ball, location: 2F 2-2: SINGLE (Groundball, 3D, EV 96.9 MPH) Jeff Brower to second
|
|
Batting: SHB Adam Martin
|
0-0: Swinging Strike 0-1: Foul Ball, location: 2F 0-2: Grounds into double play, 5-4-3 (Groundball, 56, EV 108.8 MPH) Jeff Brower to third
|
|
Pinch Hitting: LHB Carlos Cuellar
|
0-0: Ground out 3-1 (Groundball, 34, EV 103.1 MPH)
|
| Top of the 9th over - 0 runs, 2 hits, 0 errors, 1 left on base; El Paso 1 - Lehigh Valley 6 |
|